 Dungeon Crawl Stone Soup version 0.31-a0-435-g2c6fae2916 (webtiles) character file.

Game seed: 9983296229553114064

89 MisterAzrael the Grave Robber (level 4, -6/24 HPs)
             Began as a Deep Elf Necromancer on Aug 2, 2023.
             Mangled by an ogre
             ... wielding a +0 giant club
              (28 damage)
             ... on level 3 of the Dungeon.
             The game lasted 00:03:30 (1739 turns).

MisterAzrael the Grave Robber (DENe)                Turns: 1739, Time: 00:03:30

Health: -6/24      AC:  9    Str:  5    XL:     4   Next: 31%
Magic:  3/12       EV: 13    Int: 22    God:
Gold:   73         SH:  0    Dex: 15    Spells: 8/12 levels left

rFire   . . .        e - +1 flail (protect)
rCold   . . .        (no shield)
rNeg    . . .        a - +0 robe
rPois   .            (no helmet)
rElec   .            (no cloak)
rCorr   .            (no gloves)
SInv    .            (no boots)
Will    .....        (no amulet)
Stlth   ++           (no ring)
HPRegen 0.24/turn    (no ring)
MPRegen 0.13/turn

%: no passive effects
@: under a protective aura
A: no striking features
a: no special abilities


You were on level 3 of the Dungeon.
You visited 1 branch of the dungeon, and saw 3 of its levels.

You collected 73 gold pieces.

Inventory:

Hand Weapons
 e - a +1 flail of protection (weapon)
Missiles
 q - 5 poisoned darts
Armour
 a - a +0 robe (worn)
Wands
 l - a wand of roots (10)
Scrolls
 c - a scroll of acquirement {unknown}
 f - a scroll of identify {unknown}
 h - 2 scrolls of teleportation {unknown}
 i - a scroll of noise {unknown}
 m - a scroll of fog {unknown}
 n - 3 scrolls of silence {unknown}
 o - a scroll of enchant weapon {unknown}
 p - a scroll of vulnerability {unknown}
Potions
 b - a potion of magic
 d - a potion of mutation {unknown}
 g - a potion of brilliance {unknown}
 j - a potion of enlightenment {unknown}
 k - 2 potions of heal wounds {unknown}
 r - a potion of curing {unknown}


   Skills:
 - Level 2.9 Dodging
 - Level 3.1 Stealth
 + Level 4.5 Spellcasting
 + Level 5.7 Necromancy


You had 8 spell levels left.
You knew the following spells:

 Your Spells              Type           Power      Damage    Failure   Level
a - Necrotise             Necr           100%       1d9       1%          1
b - Vampiric Draining     Necr           30%        2d8       3%          3

Your spell library contained the following spells:

 Spells                   Type           Power      Damage    Failure   Level
 Animate Dead             Necr           30%        N/A       10%         4
 Agony                    Necr           30%        N/A       28%         5


Dungeon Overview and Level Annotations

Branches:
Dungeon (3/15)

Altars:
Dithmenos
Uskayaw


Message History

The jackal misses you.
You hit the jackal.
The jackal is severely wounded.
The jackal barely misses you. x2
You hit the jackal.
The jackal is almost dead.
The jackal closely misses you. x2
You barely miss the jackal.
The jackal is almost dead.
The jackal bites you but does no damage. x2
You barely miss the jackal.
The jackal is almost dead.
The jackal closely misses you.
The jackal bites you but does no damage.
You closely miss the jackal.
The jackal is almost dead.
The jackal bites you. The jackal misses you.
You barely miss the jackal.
The jackal is almost dead.
The jackal bites you. x2
You hit the jackal but do no damage.
Your weapon exudes an aura of protection.
The jackal is almost dead.
The jackal misses you. x2
You barely miss the jackal.
The jackal is almost dead.
The jackal closely misses you.
The jackal bites you but does no damage.
You hit the jackal.
You kill the jackal!
Casting: Necrotise (safe; 1% risk of failure)
Confirm with . or Enter, or press ? or * to list all spells.
The spell is quite dangerous to miscast (3% risk of failure)!
Continue anyway?
Aiming: Vampiric Draining (quite dangerous; 3% risk of failure)
Press: ? - help, Shift-Dir - straight line, f - ogre
Aim: an ogre, wielding a +0 giant club You draw life force from the ogre!
You feel life coursing into your body.
The ogre hits you with a +0 giant club!!
Ouch! That really hurt!
You die...

........ ## ....... ##.
#. ..... ##.. ##. ....
##... #..# #.h## ##....
##..# #rw.# #..... +...##
#.# #.#... #...# #O#
######.#.## #..#####@#
....##.#.#.
#..<##...########........
#..................##.###
#.##..>...##..###.###.##.
###
#.###.##......##...#..##.
..#
#.##..#..<._.....#<..###.
###
#.##....##...........# #.
# #.#...####...>#####..#
#. ##.#...#
##..#.####...# #.


You could see an ogre, a worm, a jackal and a rat.

Vanquished Creatures
  A hound (D:3)
  2 worms (D:2)
  2 dart slugs (D:2)
  3 endoplasms
  3 giant cockroaches
  4 goblins
  3 hobgoblins
  3 jackals (D:3)
  3 kobolds (D:2)
  3 quokkas
  4 ball pythons
  6 bats
  A frilled lizard (D:2)
  5 rats
43 creatures vanquished.

Vanquished Creatures (collateral kills)
  2 rats (D:2)
2 creatures vanquished.

Grand Total: 45 creatures vanquished

Notes
Turn   | Place    | Note
-------+----------+-------------------------------------------
     0 | D:1      | MisterAzrael the Deep Elf Necromancer began the quest for
                  | the Orb.
     0 | D:1      | Reached XP level 1. HP: 10/10 MP: 6/6
   144 | D:1      | You fall into a shaft and drop 1 floor!
   240 | D:2      | Reached skill level 5 in Necromancy
   240 | D:2      | Reached XP level 2. HP: 15/15 MP: 1/8
   936 | D:2      | Reached XP level 3. HP: 15/19 MP: 5/10
   940 | D:2      | Learned a level 3 spell: Vampiric Draining
  1380 | D:3      | Found a hide-covered altar of Uskayaw.
  1406 | D:3      | Found a faded altar of an unknown god.
  1448 | D:3      | Found a shadowy altar of Dithmenos.
  1717 | D:3      | Noticed an ogre
  1725 | D:3      | Reached XP level 4. HP: 24/24 MP: 3/12
  1739 | D:3      | Mangled by an ogre

Illustrated notes

Levels and vault maps discovered:
D:1:      saegor_arrival_miasma, layout_rooms, st_stairs_6, minmay_3d_cube
D:2:      wad_river_or_something, layout_basic, grunt_decor_junction
D:3:      minmay_octagon_keep, layout_rooms, overflow_temple_1_default,
          mainiacjoe_overflow_six_doors_small, ebering_ecumenical_altar_mist

Skill      XL: |  1  2  3 |
---------------+----------+-----
Necromancy     | 5 |  5.7
Stealth        | 3 |  3.1
Spellcasting   | 4 |  4.5
Dodging        | |  2.9

Action                     |  1- 3 |  4- 6 || total
---------------------------+-------+-------++-------
  Melee: Flail             |    23 |    14 ||    37
         Punch             |     1 |       ||     1
   Cast: Necrotise         |    68 |       ||    68
         Vampiric Draining |     3 |     1 ||     4
   Stab: Sleeping          |     1 |       ||     1
 Armour: Robe              |    19 |     4 ||    23
  Dodge: Dodged            |    30 |    14 ||    44

Table legend: (Time is in decaauts)
 A = Elapsed time spent in this place.
 B = Non-inter-level travel time spent in this place.
 C = Inter-level travel time spent in this place.
 D = Time resting spent in this place.
 E = Time spent auto-exploring this place.
 F = Levels seen in this place.
 G = Mean time per level.
                   A        B        C        D        E       F      G
               +--------+--------+--------+--------+--------+-----+--------+
         Total |   1756 |   1707 |     49 |     67 |   1353 |   3 |  585.3 |
       Dungeon |   1756 |   1707 |     49 |     67 |   1353 |   3 |  585.3 |
               +--------+--------+--------+--------+--------+-----+--------+

Top non-repeatable levels by time:
     D:2: 1243 daAuts
     D:3: 367 daAuts
     D:1: 145 daAuts
